 Dungeon Crawl Stone Soup version 0.32-a0-128-g77eb882913 (webtiles) character file.

Game seed: 2623785562275382909

390 Newt the Slasher (level 6, -6/52 HPs)
             Began as a Barachi Fighter on Feb 7, 2024.
             Mangled by an iguana (10 damage)
             ... on level 5 of the Dungeon.
             The game lasted 00:03:21 (3472 turns).

Newt the Slasher (Barachi Fighter)                  Turns: 3472, Time: 00:03:21

Health: -6/52      AC: 12    Str: 19    XL:     6   Next: 80%
Magic:  6/6        EV:  9    Int:  8    God:
Gold:   236        SH:  4    Dex: 12    Spells: 5/5 levels left

rFire   . . .        j - +1 falchion (heavy)
rCold   . . .        c - +0 buckler
rNeg    . . .        b - +0 scale mail
rPois   .            m - +0 helmet
rElec   .            i - +1 cloak
rCorr   .            h - +0 pair of gloves
SInv    .            (no boots)
Will    .....        (no amulet) Stlth
                     (no ring)
HPRegen 0.28/turn    (no ring)
MPRegen 0.10/turn

%: no passive effects
@: slow
A: amphibious, slowness 1, strong legs 1, +LOS
a: Hop


You were on level 5 of the Dungeon.
You visited 1 branch of the dungeon, and saw 5 of its levels.

You collected 236 gold pieces.

Inventory:

Hand Weapons
 a - a +0 long sword
 j - a +1 heavy falchion (weapon)
Missiles
 n - 3 boomerangs
Armour
 b - a +0 scale mail (worn)
 c - a +0 buckler (worn)
 h - a +0 pair of gloves (worn)
 i - a +1 cloak (worn)
 m - a +0 helmet (worn)
Wands
 k - a wand of paralysis (6)
 s - a wand of polymorph (9)
Scrolls
 f - a scroll of fear
 g - a scroll of summoning
 l - a scroll of revelation {unknown}
 o - a scroll of enchant armour
 p - a scroll of brand weapon
 q - a scroll of vulnerability {unknown}
Potions
 d - a potion of might
 e - a potion of attraction
 r - a potion of degeneration {unknown}


   Skills:
 + Level 5.9 Fighting
 - Level 6.0 Long Blades
 * Level 5.1 Armour
 - Level 3.2 Shields


You had 5 spell levels left.
You didn't know any spells.
Your spell library contained the following spells:

 Spells                   Type           Power      Damage    Failure   Level
 Stone Arrow              Conj/Erth      0%         3d7       99%         3
 Animate Armour           Summ/Erth      0%         N/A       100%        4
 Lehudib's Crystal Spear  Conj/Erth      0%         10d2      100%        8


Dungeon Overview and Level Annotations

Branches:
Dungeon (5/15)
 Temple: D:4-7

Altars:
Dithmenos
Fedhas
Qazlal


Innate Abilities, Weirdness & Mutations

You are amphibious.
You cover ground slowly.
You can hop short distances.
You have an extended range of vision and can be seen from far away.


Message History

The ribbon worm closely misses you.
Unknown command.
You struggle to detach yourself from the web.
The ribbon worm expels a string of sticky webbing.
The stream of webbing hits you but does no damage.
You are even more entangled.
You struggle to detach yourself from the web.
The ribbon worm bites you!
The web tears apart.
The ribbon worm bites you.
The helpless ogre fails to defend itself.
You slash the ogre!
You kill the ogre!
The iguana bites you.
The ribbon worm expels a string of sticky webbing.
The stream of webbing hits you but does no damage.
You are caught in a web!
Your Armour skill increases to level 5!
You struggle to detach yourself from the web.
The iguana bites you.
* * * LOW HITPOINT WARNING * * *
The ribbon worm bites you but does no damage.
The web tears apart.
The iguana bites you but does no damage.
That's the wrong kind of item! (Use * to select it.) Fire/throw/use which item? ([*] to toss any item) (? for menu, Esc to quit)
Okay, then.
Unknown command.
Aiming: Paralyse
Press: ? - help, Shift-Dir - straight line, f - ribbon worm
Aim: a ribbon worm (chance to affect: 57%)
The ribbon worm suddenly stops moving!
The iguana bites you!
* * * LOW HITPOINT WARNING * * *
Unknown command.
The helpless ribbon worm fails to defend itself.
You hit the ribbon worm but do no damage.
The iguana bites you.
* * * LOW HITPOINT WARNING * * *
The iguana bites you!
You die...

....... ......
#.....# ######. ....#
###### #...... ....
... #.....
#.##..##..##....
...... #.#..........#
.....##.#w##.:..##
........#.@l.....#
#.......##.....#
#......###........
##......#......##...
###.........#.#.## ..
#....<....###.#.# #
.....#.#..#.........
....................#
... ##..#....... #


You could see a ribbon worm (paralysed) and an iguana.

Vanquished Creatures
  An ogre (D:5)
  A bombardier beetle (D:4)
  2 orc priests (D:3)
  An iguana (D:4)
  2 orc wizards (D:3)
  4 adders
  A ribbon worm (D:2)
  4 dart slugs
  10 orcs
  7 bats
  3 endoplasms
  10 giant cockroaches
  5 goblins
  7 hobgoblins
  4 quokkas
  6 ball pythons
  6 frilled lizards
  7 kobolds
  7 rats
88 creatures vanquished.

Notes
Turn   | Place    | Note
-------+----------+-------------------------------------------
     0 | D:1      | Newt the Barachi Fighter began the quest for the Orb.
     0 | D:1      | Reached XP level 1. HP: 18/18 MP: 1/1
    98 | D:1      | Reached skill level 3 in Long Blades
    98 | D:1      | Reached XP level 2. HP: 25/25 MP: 2/2
   246 | D:1      | Reached XP level 3. HP: 30/30 MP: 3/3
   574 | D:1      | Reached skill level 4 in Long Blades
  1373 | D:2      | Reached XP level 4. HP: 38/38 MP: 4/4
  1387 | D:2      | Found a faded altar of an unknown god.
  1816 | D:3      | Found a blossoming altar of Fedhas.
  1836 | D:3      | Reached skill level 5 in Long Blades
  1836 | D:3      | Reached XP level 5. HP: 42/43 MP: 5/5
  1854 | D:3      | Reached skill level 5 in Fighting
  1860 | D:3      | Found a stormy altar of Qazlal.
  2375 | D:4      | Reached skill level 6 in Long Blades
  2409 | D:4      | Reached XP level 6. HP: 20/51 MP: 6/6
  2783 | D:4      | Found a shadowy altar of Dithmenos.
  3444 | D:5      | Entered Level 5 of the Dungeon
  3469 | D:5      | Reached skill level 5 in Armour
  3472 | D:5      | Mangled by an iguana

Illustrated notes

Levels and vault maps discovered:
D:1:      dpeg_arrival_prison, layout_rooms
D:2:      layout_loops_ring, shapermc_ecumenical_altar_flowoftime
D:3:      layout_rooms, grunt_temple_overflow_forces_of_nature
D:4:      layout_loops_ring, mainiacjoe_overflow_24_doors
D:5:      layout_rooms, amcnicky_altar_gilded, bh_walls_and_bars, uniq_menkaure,
          uniq_eustachio

Skill      XL: |  1  2  3  4  5  6 |
---------------+-------------------+-----
Long Blades    | 3 4 5 6 |  6.0
Fighting       | 4 5 |  5.9
Armour         | 4 5 |  5.1
Shields        | |  3.2

Action                     |  1- 3 |  4- 6 || total
---------------------------+-------+-------++-------
  Melee: Long sword        |   156 |    25 ||   181
         Falchion          |       |   117 ||   117
  Evoke: Wand              |       |     2 ||     2
    Use: Scroll            |     2 |     3 ||     5
         Potion            |       |     1 ||     1
   Stab: Paralysed         |       |     4 ||     4
 Armour: Scale mail        |   131 |   121 ||   252
         Skin              |       |     9 ||     9
  Dodge: Dodged            |    77 |    86 ||   163
  Block: Buckler           |    36 |    24 ||    60

Table legend: (Time is in decaauts)
 A = Elapsed time spent in this place.
 B = Non-inter-level travel time spent in this place.
 C = Inter-level travel time spent in this place.
 D = Time resting spent in this place.
 E = Time spent auto-exploring this place.
 F = Levels seen in this place.
 G = Mean time per level.
                   A        B        C        D        E       F      G
               +--------+--------+--------+--------+--------+-----+--------+
         Total |   3987 |   3850 |    137 |    865 |   2259 |   5 |  797.4 |
       Dungeon |   3987 |   3850 |    137 |    865 |   2259 |   5 |  797.4 |
               +--------+--------+--------+--------+--------+-----+--------+

Top non-repeatable levels by time:
     D:4: 1231 daAuts
     D:1: 983 daAuts
     D:3: 922 daAuts
     D:2: 815 daAuts
     D:5: 34 daAuts
